 Dungeon Crawl Stone Soup version 0.26.1-11-gd32895ea62 (webtiles) character file.

Game seed: 10471596914338807006

55 Zeld the Skirmisher (level 3, 0/33 HPs)
             Began as a Palentonga Abyssal Knight on June 9, 2021.
             Was a Follower of Lugonu.
             Slain by a goblin
             ... wielding a +0 trident
              (3 damage)
             ... on level 2 of the Dungeon.
             The game lasted 00:02:01 (2298 turns).

Zeld the Skirmisher (Palentonga Abyssal Knight)     Turns: 2298, Time: 00:02:02

Health: 0/33       AC:  4    Str: 16    XL:     3   Next: 67%
Magic:  4/4        EV:  4    Int: 12    God:    Lugonu [*.....]
Gold:   141        SH: 10    Dex:  9    Spells: 2/2 levels left

rFire    . . .     SeeInvis +   a - +1 falchion
rCold    . . .     Faith    .   k - +0 tower shield
rNeg     . . .     Spirit   .   b - +0 leather armour
rPois    .         Reflect  .   (no helmet)
rElec    .         Harm     .   (no cloak)
rCorr    .         Rampage  .   (no gloves)
Will     .....                  (no barding)
Stlth    +.........             (no amulet)
HPRegen  0.11/turn              (no ring)
MPRegen  0.09/turn              (no ring)

@: no status effects
A: large, rugged brown scales 3, see invisible, deformed body, roll 1, armoured
tail
a: Rolling Charge, Renounce Religion, Depart the Abyss


You were on level 2 of the Dungeon.
You worshipped Lugonu.
Lugonu was aware of your devotion.
You visited 1 branch of the dungeon, and saw 2 of its levels.
You visited the Abyss 1 time.

You collected 141 gold pieces.

Inventory:

Hand Weapons
 a - a +1 falchion (weapon)
Armour
 b - a +0 leather armour (worn)
 k - a +0 tower shield (worn)
Jewellery
 c - an uncursed ring of positive energy {unknown}
 h - a +6 ring of dexterity {unknown}
Scrolls
 d - 2 scrolls of enchant armour {unknown}
 e - a scroll of fog {unknown}
 g - a scroll of teleportation {unknown}
 i - 4 scrolls of identify {unknown}
 j - a scroll of random uselessness {unknown}
Potions
 f - a potion of mutation {unknown}
 l - a potion of might {unknown}


   Skills:
 + Level 3.4 Fighting
 * Level 3.2 Long Blades
 - Level 1.5 Armour
 + Level 1.5 Dodging
 - Level 2.0 Invocations


You had 2 spell levels left.
You didn't know any spells.
Your spell library was empty.

Dungeon Overview and Level Annotations

Branches:
Dungeon (2/15)

Altars:
Yredelemnul


Innate Abilities, Weirdness & Mutations

You are completely covered in rugged brown scales. (AC +3, +7% HP)
You have supernaturally acute eyesight. (SInv)
Armour fits poorly on your strangely shaped body.
You can roll at nearby foes to attack.
You have a long armoured tail.


Message History

You are too injured to fight recklessly!
You are too injured to fight recklessly!
You are too injured to fight recklessly!
You are too injured to fight recklessly!
Roll where?
Press: ? - help, Dir - move target, f - goblin
Aim: a goblin, wielding a +0 trident, wearing a +0 chain mail and quivering 26 stones (severely wounded)
You roll forward with a clatter of scales!
You completely miss the goblin.
The goblin is severely wounded.
The goblin drinks a potion.
The goblin is healed!
You barely miss the goblin. You block the goblin's attack.
You hit the goblin.
The goblin is heavily wounded.
The goblin hits you with a +0 trident!
* * * LOW HITPOINT WARNING * * *
You hit the goblin but do no damage.
The goblin is heavily wounded.
The goblin hits you with a +0 trident.
You die...

###################
..................#
##.....g..#######.#
.......@..'.(..##.######
##.....)..####..........
#........# #..#.######
#........# #..#.#
#....)...# #..#.#
#.>......# #..#.#
#........# ##.#.#
#........# #.#.#
#........#####..(###..


You could see a goblin.

Vanquished Creatures
  An adder (D:2)
  A worm (D:2)
  4 dart slugs (D:1)
  2 leopard geckos (D:1)
  A giant cockroach (D:1)
  4 goblins
  5 hobgoblins (D:1)
  A bat (D:1)
  3 frilled lizards
  8 kobolds
  6 rats
36 creatures vanquished.

Notes
Turn   | Place    | Note
-------+----------+-------------------------------------------
     0 | Abyss:1  | Zeld the Palentonga Abyssal Knight began the quest for the
                  | Orb.
     0 | Abyss:1  | Reached XP level 1. HP: 20/20 MP: 2/2
   181 | Abyss:1  | Noticed a crimson imp
   200 | Abyss:1  | Noticed a chaos spawn
   202 | D:1      | Escaped the Abyss
   361 | D:1      | Reached * piety under Lugonu
   362 | D:1      | Reached skill level 1 in Dodging
   404 | D:1      | Reached XP level 2. HP: 26/27 MP: 3/3
   820 | D:1      | Reached XP level 3. HP: 29/33 MP: 4/4
  1338 | D:2      | Found a basalt altar of Yredelemnul.
  1361 | D:2      | HP: 1/33 [kobold/stone (2)]
  1376 | D:2      | HP: 1/33 [kobold/stone (1)]
  1382 | D:2      | HP: 1/33 [kobold/stone (1)]
  2235 | D:2      | Found a faded altar of an unknown god.
  2298 | D:2      | Slain by a goblin

Illustrated notes

Levels and vault maps discovered:
D:1:      dpeg_arrival_houses_and_road, layout_basic, chequers_mini_garden
D:2:      layout_basic, old_standard_altar,
          chequers_ecumenical_altar_simple_redux

Skill      XL: |  1  2  3 |
---------------+----------+-----
Dodging        | 1 |  1.5
Long Blades    | 3 |  3.2
Fighting       | |  3.4
Armour         | |  1.5
Invocations    | |  2.0

Action                   || total
-------------------------++-------
Melee: Falchion          ||   111
       Tailslap          ||    10
Invok: Depart the Abyss  ||     1
 Abil: Rolling Charge    ||    23
Armor: Leather armour    ||    33
Dodge: Dodged            ||    32
Block: Tower shield      ||    22
       Rpst.: Falchion   ||     7
